 Dungeon Sprint DCSS version 0.31.0-12-g77e489cdc1 (webtiles) character file.

Game seed: 13525229045708726654

316 Heoruswealwe the Spear-Bearer (level 6, -1/62 HPs)
             Began as a Minotaur Fighter on Feb 15, 2024.
             Was an Initiate of Gozag.
             Slain by a two-headed ogre
             ... wielding a +0 great mace
              (29 damage)
             ... in the Dungeon (Sprint IX: "|||||||||||||||||||||||||||||").
             The game lasted 00:01:29 (135 turns).

Heoruswealwe the Spear-Bearer (Minotaur Fighter)     Turns: 135, Time: 00:01:30

Health: -1/62      AC:  9    Str: 23    XL:     6   Next: 20%
Magic:  5/5        EV: 10    Int:  5    God:    Gozag
Gold:   0          SH:  0    Dex:  9    Spells: 5/5 levels left

rFire   . . .        b - +2 halberd (protect)
rCold   . . .        (shield currently unavailable)
rNeg    . . .        c - +1 scale mail
rPois   .            (helmet restricted)
rElec   .            (no cloak)
rCorr   .            (no gloves)
SInv    .            (no boots)
Will    .....        (no amulet) Stlth
                     (no ring)
HPRegen 0.30/turn    (no ring)
MPRegen 0.09/turn

%: no teleportation
@: no status effects
A: horns 2, retaliatory headbutt
a: Renounce Religion, Potion Petition, Call Merchant, Bribe Branch


You were in the Dungeon.
You worshipped Gozag.
Gozag was noncommittal.
You visited 1 branch

Inventory:

Hand Weapons
 a - a +0 trident
 b - a +2 halberd of protection (weapon)
Armour
 c - a +1 scale mail (worn)
 d - a +0 buckler
Wands
 h - a wand of roots (10)
Scrolls
 j - 2 scrolls of blinking
Potions
 e - 5 potions of curing
 f - 3 potions of heal wounds
 g - a potion of haste
 i - a potion of berserk rage
 k - a potion of might


   Skills:
 + Level 8.7 Fighting
 * Level 11.3 Polearms
 + Level 8.7 Armour
 - Level 3.6 Shields


You had 5 spell levels left.
You didn't know any spells.
Your spell library was empty.

Dungeon Overview and Level Annotations

Branches:
Dungeon (1/1)

Altars:
Cheibriados
Dithmenos
Elyvilon
Fedhas
Gozag
Hepliaklqana
Kikubaaqudgha
Makhleb
Nemelex Xobeh
Okawaru
Qazlal
Ru
Sif Muna
Trog
Uskayaw
Vehumet
Wu Jian
Xom
Yredelemnul
Zin
The Shining One
Jiyva
Lugonu


Innate Abilities, Weirdness & Mutations

You have a pair of horns on your head.
You reflexively headbutt those who attack you in melee.


Message History

You finish taking off your +0 scale mail.
You drop a +0 scale mail.
You see here a +0 helmet.
You see here a +0 helmet.
You see here a +1 scale mail.
You start putting on your armour.
You continue putting on your +1 scale mail. x4
You finish putting on your +1 scale mail.
You see here a +3 ring of intelligence.
l - a +3 ring of intelligence You see here a +0 helmet.
You drop a +3 ring of intelligence.
You see here a +3 ring of intelligence.
l - a +3 ring of intelligence You see here a +3 ring of intelligence.
You drop a +3 ring of intelligence.
Things that are here:
a +3 ring of intelligence; a +3 ring of intelligence You start resting.
HP restored.
You open the door.
A yak, a shadow, 2 two-headed ogres, a kobold demonologist and a howler monkey come into view.
The two-headed ogre shouts in stereo!
The yak bellows!
The two-headed ogre shouts in stereo!
You barely miss the two-headed ogre. You headbutt the two-headed ogre.
The two-headed ogre is lightly wounded.
The two-headed ogre hits you with a +0 great mace!
The two-headed ogre hits you with a +0 giant spiked club!
You completely miss the two-headed ogre.
The two-headed ogre is lightly wounded.
The kobold demonologist begins to cast a cantrip, but forgets the words!
You barely miss the two-headed ogre.
The two-headed ogre is lightly wounded.
The two-headed ogre hits you with a +0 great mace!!
The two-headed ogre completely misses you.
You barely miss the two-headed ogre. You headbutt the two-headed ogre.
The two-headed ogre is lightly wounded.
The two-headed ogre hits you with a +0 great mace!!
You die...
Your body crumbles into a pile of gold.

▓!▓
▓?▓
▓)▓
▓[▓
▓[▓
▓[▓
▓=▓
▓.▓
▓@▓
▓O▓
▓Y▓
▓W▓
▓O▓
▓K▓
▓h▓
▓.▓


You could see 2 two-headed ogres, a kobold demonologist, a yak, a shadow and a
howler monkey.

Vanquished Creatures
  A water moccasin (D)
  A black bear (D)
  A phantom (D)
  A hound (D)
  A gnoll (D)
  A quokka (D)
  A ball python (D)
  A goblin (D)
  2 rats (D)
10 creatures vanquished.

Notes
Turn   | Place    | Note
-------+----------+-------------------------------------------
     0 | D        | Heoruswealwe the Minotaur Fighter began the quest for the
                  | Orb.
     0 | D        | Reached XP level 1. HP: 19/19 MP: 0/0
     6 | D        | Reached skill level 3 in Polearms
    21 | D        | Noticed a water moccasin
    21 | D        | Noticed a phantom
    21 | D        | Noticed a black bear
    21 | D        | Noticed a hound
    24 | D        | Reached skill level 4 in Polearms
    24 | D        | Reached XP level 2. HP: 20/28 MP: 1/1
    27 | D        | Killed a water moccasin
    28 | D        | Reached skill level 8 in Polearms
    28 | D        | Reached XP level 3. HP: 21/38 MP: 2/2
    28 | D        | Reached XP level 4. HP: 25/45 MP: 3/3
    31 | D        | Killed a phantom
    32 | D        | Reached skill level 9 in Polearms
    32 | D        | Reached XP level 5. HP: 30/53 MP: 4/4
    36 | D        | Killed a black bear
    37 | D        | Reached skill level 11 in Polearms
    37 | D        | Reached XP level 6. HP: 34/62 MP: 5/5
    47 | D        | Found a snail-covered altar of Cheibriados.
    47 | D        | Found a shadowy altar of Dithmenos.
    47 | D        | Found a white marble altar of Elyvilon.
    47 | D        | Found a blossoming altar of Fedhas.
    47 | D        | Found an opulent altar of Gozag.
    48 | D        | Found a hazy altar of Hepliaklqana.
    49 | D        | Found a viscous altar of Jiyva.
    50 | D        | Found an ancient bone altar of Kikubaaqudgha.
    51 | D        | Found a corrupted altar of Lugonu.
    52 | D        | Found a burning altar of Makhleb.
    53 | D        | Found a sparkling altar of Nemelex Xobeh.
    54 | D        | Found an iron altar of Okawaru.
    55 | D        | Became a worshipper of Gozag Ym Sagoz the Greedy
    56 | D        | Found a stormy altar of Qazlal.
    57 | D        | Found a sacrificial altar of Ru.
    58 | D        | Found a shimmering blue altar of Sif Muna.
    59 | D        | Found a bloodstained altar of Trog.
    60 | D        | Found a hide-covered altar of Uskayaw.
    61 | D        | Found a radiant altar of Vehumet.
    62 | D        | Found an ornate altar of the Wu Jian Council.
    63 | D        | Found a shimmering altar of Xom.
    64 | D        | Found a basalt altar of Yredelemnul.
    65 | D        | Found a glowing silver altar of Zin.
    66 | D        | Found a glowing golden altar of the Shining One.
   131 | D        | Noticed a two-headed ogre
   131 | D        | Noticed a yak
   131 | D        | Noticed a shadow
   131 | D        | Noticed a two-headed ogre
   131 | D        | Noticed a kobold demonologist
   135 | D        | Slain by a two-headed ogre

Illustrated notes

Levels and vault maps discovered:
D:        linesprint [early_d, line_temple, items_1, d_10, items_2, lair_1,
          lair_end, items_3, orc_1, orc_end, items_4, d_15, swamp_1, shoals_1,
          snake_1, spider_1, d_20, vaults_1, items_5, swamp_end, shoals_end,
          snake_end, spider_end, vaults_end, d_27, items_6, zot_1, zot_end,
          crypt_end, forest_end, elf_end, slime_end, tomb_end, abyss_end,
          pan_hell_end]

Skill      XL: |  1  2  3  4  5 |
---------------+----------------+-----
Polearms       | 4 8 9 11 | 11.3
Fighting       | 4 6 7 8 |  8.7
Armour         | 4 6 7 8 |  8.7
Shields        | |  3.6

Action                     |  1- 3 |  4- 6 || total
---------------------------+-------+-------++-------
  Melee: Trident           |    15 |    13 ||    28
         Headbutt          |     2 |     3 ||     5
         Halberd           |       |     4 ||     4
 Armour: Scale mail        |     5 |    13 ||    18
  Dodge: Dodged            |     6 |     7 ||    13
  Block: Buckler           |     3 |     1 ||     4
